General information
- name: BNet
- type: Ladder 1vs1/FFA
- host: Battle.net
- saver: WishfulThinking
map: SecretValley
- players: 2
- length: 22:30
- speed: Fast
- version: 1.23 W3XP
- replay type: Public
» download(90 KB)
Players
team 1 (winner)
WishfulThinking (
red | 130 APM | 2937 actions | 22:30)
5 Blademaster
2 Wind Walk
3 Critical Strike
5 Shadow Hunter
2 Hex
3 Healing Wave
» actions
| Assign group hotkey | 49 | |
| Basic commands | 165 | |
| Build / train | 98 | |
| Enter build submenu | 17 | |
| Enter hero's abilities submenu | 12 | |
| Give item / drop item | 4 | |
| Right click | 1217 | |
| Select / deselect | 380 | |
| Select group hotkey | 861 | |
| Use ability | 134 | |
2937 total
» units
| Peon | 12 | |
| Grunt | 6 | |
| Raider | 14 | |
| Spirit Walker | 5 | |
| Troll Headhunter/Berserker | 16 | |
| Kodo Beast | 3 | |
| Tauren | 1 | |
57 total
» upgrades
| Berserker Strength | 1 | |
| Pillage | 1 | |
| Ensnare | 1 | |
| Spirit Walker Training | 2 | |
| Melee Weapons | 2 | |
| Armor | 1 | |
| Reinforced Defenses | 1 | |
| Berserker Upgrade | 1 | |
| War Drums Damage Increase | 1 | |
| Ranged Weapons | 1 | |
12 total
» buildings
| Altar of Storms | 1 | |
| Orc Burrow | 6 | |
| Barracks | 1 | |
| Voodoo Lounge | 1 | |
| Stronghold | 1 | |
| War Mill | 1 | |
| Beastiary | 1 | |
| Spirit Lodge | 1 | |
| Fortress | 1 | |
| Great Hall | 1 | |
| Tauren Totem | 1 | |
16 total
» build order
00:06 Altar of Storms
00:17 Orc Burrow
00:36 Barracks
01:25 Orc Burrow
03:05 Voodoo Lounge
03:20 Stronghold
04:28 Orc Burrow
05:07 War Mill
05:59 Beastiary
07:02 Spirit Lodge
07:29 Orc Burrow
08:47 Fortress
10:58 Orc Burrow
11:00 Orc Burrow
13:52 Great Hall
20:15 Tauren Totem
» items
| Boots of Speed | 1 | |
| Circlet of Nobility | 2 | |
| Lesser Clarity Potion | 4 | |
| Healing Salve | 2 | |
| Scroll of Speed | 2 | |
| Orb of Lightning | 1 | |
| Potion of Mana | 2 | |
14 total
team 2 (loser)
beefchop (
pink | 105 APM | 2357 actions | 22:28)
4 Demon Hunter
2 Mana Burn
2 Evasion
4 Keeper of the Grove
2 Entangling Roots
2 Thorns Aura
» actions
| Assign group hotkey | 39 | |
| Basic commands | 31 | |
| Build / train | 66 | |
| ESC pressed | 2 | |
| Enter build submenu | 13 | |
| Enter hero's abilities submenu | 8 | |
| Give item / drop item | 1 | |
| Remove unit from queue | 1 | |
| Right click | 1013 | |
| Select / deselect | 541 | |
| Select group hotkey | 550 | |
| Use ability | 92 | |
2357 total
» units
| Wisp | 12 | |
| Huntress | 9 | |
| Dryad | 4 | |
| Druid of the Claw | 12 | |
37 total
» upgrades
| Ultravision | 1 | |
| Abolish Magic | 1 | |
| Strength of the Wild | 1 | |
| Reinforced Hides | 1 | |
| Druid of the Claw Training | 2 | |
6 total
» buildings
| Altar of Elders | 1 | |
| Moon Well | 8 | |
| Hunter's Hall | 1 | |
| Ancient of War | 1 | |
| Tree of Ages | 1 | |
| Ancient of Lore | 2 | |
| Tree of Eternity | 1 | |
15 total
» build order
00:06 Altar of Elders
00:08 Moon Well
01:37 Hunter's Hall
01:45 Ancient of War
02:00 Moon Well
02:36 Moon Well
03:02 Moon Well
03:13 Moon Well
03:59 Moon Well
04:37 Tree of Ages
07:22 Ancient of Lore
07:34 Ancient of Lore
09:16 Moon Well
09:50 Tree of Eternity
13:35 Moon Well
» items
| Boots of Speed | 1 | |
| Scroll of Town Portal | 5 | |
| Potion of Lesser Invulnerability | 1 | |
7 total
Chat log
(00:11 / All) beefchop: gl hf :)
(00:13 / All) WishfulThinking: gg gl
(22:26 / All) beefchop: gg